 Dungeon Crawl Stone Soup version 0.18-a0-1396-g8753ca6 (console) character file.

2244 Liam the Thaumaturge (level 9, -4/45 HPs)
             Began as a Deep Elf Wizard on Feb 23, 2016.
             Was a Believer of Vehumet.
             Slain by a killer bee (7 damage)
             ... on level 7 of the Dungeon.
             The game lasted 00:23:02 (7836 turns).

Liam the Thaumaturge (Deep Elf Wizard)              Turns: 7836, Time: 00:23:02

Health: -4/45      AC:  2    Str:  6      XL:     9   Next: 14%
Magic:  18/24      EV: 12    Int: 25 (27) God:    Vehumet [**....]
Gold:   323        SH:  0    Dex:  9 (11) Spells: 6 memorised, 13 levels left

rFire  . . .     SeeInvis .     (no weapon)
rCold  . . .     Gourm    .     a - +0 robe
rNeg   . . .     Faith    .     (no shield)
rPois  .         Spirit   .     b - +0 hat
rElec  .         Dismiss  .     (no cloak)
rCorr  .         Reflect  .     (no gloves)
SustAt .         Harm     .     (no boots)
MR     .....                    (no amulet)
Stlth  ++........               (no ring)
                                s - -2 ring of dexterity (curse)

@: not resistant to hostile enchantments, unstealthy
A: strong 1
a: Renounce Religion


You were on level 7 of the Dungeon.
You worshipped Vehumet.
Vehumet was pleased with you.
You were near starving.

You visited 2 branches of the dungeon, and saw 8 of its levels.

You collected 323 gold pieces.

Inventory:

Armour
 a - a +0 robe (worn)
 b - a +0 hat (worn)
Jewellery
 s - a cursed -2 ring of dexterity (left hand)
 u - the ring of the Fifty Realms {*Tele rElec rF+}
   (You found it on level 4 of the Dungeon)

   [ring of teleportation]

   It may teleport you next to monsters.
   It protects you from fire.
   It insulates you from electricity.
 y - an uncursed ring of protection from cold
Wands
 A - a wand of polymorph (11/24)
Scrolls
 e - a scroll of magic mapping
 h - a scroll of fear
 i - 5 scrolls of identify {unknown}
 k - 3 scrolls of remove curse {unknown}
 l - 3 scrolls of teleportation {unknown}
 p - a scroll of noise {unknown}
 r - 2 scrolls of blinking {unknown}
 t - a scroll of enchant weapon {unknown}
 v - 3 scrolls of recharging {unknown}
 x - a scroll of amnesia {unknown}
 z - a scroll of fog {unknown}
 B - a scroll of immolation {unknown}
Potions
 g - 2 potions of beneficial mutation
 j - a potion of degeneration
 m - a potion of heal wounds
 o - a potion of curing
 C - 2 potions of ambrosia {unknown}
Books
 c - a book of Minor Magic

   Spells                             Type                      Level
   a - Magic Dart                     Conjuration                  1
   b - Blink                          Translocation                2
   c - Call Imp                       Summoning                    2
   d - Repel Missiles                 Charms/Air                   2
   e - Slow                           Hexes                        2
   f - Conjure Flame                  Conjuration/Fire             3
   g - Mephitic Cloud                 Conjuration/Poison/Air       3
 n - a book of Debilitation

   Spells                             Type                      Level
   a - Corona                         Hexes                        1
   b - Slow                           Hexes                        2
   c - Gell's Gravitas                Hexes/Translocation          3
   d - Inner Flame                    Hexes/Fire                   3
   e - Cause Fear                     Hexes                        4
   f - Leda's Liquefaction            Hexes/Earth                  4
Comestibles
 d - 4 bread rations
 f - 5 meat rations
 q - 2 royal jellies
 w - 3 fruits


   Skills:
 - Level 2.4 Dodging
 - Level 2.4 Stealth
 + Level 9.0 Spellcasting
 * Level 7.5 Conjurations
 + Level 4.8 Charms
 - Level 1.1 Summonings
 + Level 3.8 Translocations
 + Level 3.3 Fire Magic
 + Level 3.6 Air Magic
 + Level 3.7 Poison Magic


You had 13 spell levels left.
You knew the following spells:

 Your Spells              Type           Power        Failure   Level  Hunger
a - Magic Dart            Conj           ####         1%          1    None
b - Blink                 Tloc           N/A          1%          2    None
d - Mephitic Cloud        Conj/Pois/Air  #####...     1%          3    None
e - Conjure Flame         Conj/Fire      #####...     1%          3    None
i - Call Imp              Summ           ###.....     8%          2    None
m - Repel Missiles        Chrm/Air       ####..       1%          2    None


Dungeon Overview and Level Annotations

Branches:
Dungeon (7/15)             Temple (1/1) D:4

Altars:
Ashenzari
Cheibriados
Dithmenos
Elyvilon
Fedhas
Kikubaaqudgha
Nemelex Xobeh
Pakellas
Qazlal
Ru
Sif Muna
Trog
Vehumet
Xom
Yredelemnul
Zin
The Shining One


Innate Abilities, Weirdness & Mutations

Your muscles are strong. (Str +2)


Message History

Casting: Conjure Flame
Confirm with . or Enter, or press ? or * to list all spells.
Aiming: Magic Dart
Press: ? - help, Shift-Dir - straight line, f - killer bee
Aim: a killer bee The magic dart hits the killer bee.
The killer bee is lightly wounded.
The killer bee closely misses you. The killer bee stings you!
* * * LOW HITPOINT WARNING * * *
Casting: Magic Dart
Confirm with . or Enter, or press ? or * to list all spells.
Aiming: Magic Dart
Press: ? - help, Shift-Dir - straight line, f/p - killer bee
Aim: a killer bee (lightly wounded)
The magic dart hits the killer bee.
The killer bee is heavily wounded.
The killer bee stings you.
* * * LOW HITPOINT WARNING * * *
The killer bee stings you!
You die...

#.###### #.# #......#
#.# ######.# #.##
######.####..#
....>...<....#
######.####..# .......#
#..# ########
#..###########
##########..##.@......#
##...........y§y######.#
........###..####
##.##...........#
#.##.#.###.y##.#
#Y##....##.y# #
#.##.....#..#
#Y##.....#...
#..<.....#... #


You could see 2 killer bees.

Vanquished Creatures
  A water moccasin (D:5)
  An orc warrior (D:6)
  2 phantoms
  5 ogres
  3 ice beasts
  A centaur (D:7)
  A giant frog (D:6)
  A scorpion (D:4)
  A killer bee (D:7)
  6 crimson imps
  A jelly (D:6)
  2 hounds
  4 orc wizards
  An orc priest (D:7)
  2 centaur skeletons
  A gnoll shaman (D:6)
  3 worker ants
  A killer bee zombie (D:6)
  A howler monkey zombie (D:7)
  10 gnolls
  A howler monkey skeleton (D:4)
  9 adders
  A shadow imp (D:6)
  An ooze (D:5)
  A worm (D:2)
  5 giant geckos
  18 orcs
  2 ball pythons
  6 bats
  5 giant cockroaches
  4 goblins
  8 hobgoblins
  7 jackals
  10 kobolds
  7 quokkas
  2 giant newts
  A jackal skeleton (D:7)
  A quokka skeleton (D:5)
  4 rats
141 creatures vanquished.

Notes
Turn   | Place    | Note
--------------------------------------------------------------
     0 | D:1      | Liam the Deep Elf Wizard began the quest for the Orb.
     0 | D:1      | Reached XP level 1. HP: 10/10 MP: 7/7
   369 | D:1      | Reached XP level 2. HP: 15/15 MP: 3/9
   512 | D:1      | Reached skill level 5 in Spellcasting
   963 | D:2      | Reached XP level 3. HP: 15/19 MP: 2/11
  2350 | D:3      | Reached skill level 6 in Spellcasting
  2386 | D:3      | Reached XP level 4. HP: 15/24 MP: 10/14
  2512 | D:3      | Learned a level 2 spell: Blink
  2515 | D:3      | Learned a level 2 spell: Repel Missiles
  2519 | D:3      | Learned a level 3 spell: Conjure Flame
  2523 | D:3      | Learned a level 3 spell: Mephitic Cloud
  2526 | D:3      | Learned a level 2 spell: Call Imp
  3024 | D:3      | Noticed an ice beast
  3044 | D:3      | Killed an ice beast
  3044 | D:3      | Reached skill level 7 in Spellcasting
  3044 | D:3      | Reached XP level 5. HP: 28/28 MP: 0/16
  3223 | D:4      | Reached XP level 6. HP: 32/32 MP: 4/18
  3473 | D:4      | Found a staircase to the Ecumenical Temple.
  3585 | D:4      | Got a wavering platinum ring
  3626 | D:4      | Reached skill level 5 in Conjurations
  3626 | D:4      | Reached skill level 1 in Charms
  3784 | D:4      | Found a glowing silver altar of Zin.
  3788 | D:4      | Found a shadowy altar of Dithmenos.
  3853 | D:4      | Reached skill level 1 in Air Magic
  3853 | D:4      | Reached XP level 7. HP: 36/36 MP: 10/20
  4031 | D:4      | Found a shattered altar of Ashenzari.
  4081 | Temple   | Entered the Ecumenical Temple
  4215 | Temple   | Became a worshipper of Vehumet
  4274 | D:5      | Entered Level 5 of the Dungeon
  4410 | D:5      | Reached skill level 1 in Poison Magic
  4488 | D:5      | Found an oddly glowing altar of Pakellas.
  4517 | D:5      | Reached skill level 8 in Spellcasting
  4596 | D:5      | Reached skill level 1 in Fire Magic
  5132 | D:6      | Reached XP level 8. HP: 38/41 MP: 15/22
  5249 | D:6      | Reached * piety under Vehumet
  5249 | D:6      | Offered knowledge of Sandblast by Vehumet.
  5644 | D:6      | Found a blossoming altar of Fedhas.
  6087 | D:6      | Identified the ring of the Fifty Realms {*Tele rElec rF+} (You found it on level 4 of the Dungeon)
  6088 | D:6      | Found a shimmering altar of Xom.
  6330 | D:6      | Found a shimmering altar of Xom.
  6467 | D:6      | Found a shimmering altar of Xom.
  6769 | D:7      | Offered knowledge of Freeze by Vehumet.
  6804 | D:7      | Gained mutation: Your muscles are strong. (Str +2) [potion of beneficial mutation]
  6913 | D:7      | Reached ** piety under Vehumet
  7254 | D:7      | Reached XP level 9. HP: 45/45 MP: 8/23
  7464 | D:6      | Reached skill level 9 in Spellcasting
  7836 | D:7      | Slain by a killer bee

Vault maps used:
D:1:      tarquinn_simple_flora_water_d
D:2:      minivault_19
D:3:      first_bread
D:4:      lemuel_round_altar, nicolae_overflow_hidden_temple,
          minmay_temple_entry_large_hall, corexii_leaking_fountain
D:5:      basic_altar
D:6:      xom_redecorated, fedhas_altar_3
Temple:   triangle_lava_temple_12

Skill      XL: |  1  2  3  4  5  6  7  8  9 |
---------------+----------------------------+-----
Spellcasting   | 5 6 7 8 9 |  9.0
Conjurations   | 2 4 5 6 7 |  7.5
Charms         | 1 3 4 |  4.8
Air Magic      | 1 2 3 |  3.6
Poison Magic   | 2 3 |  3.7
Translocations | 2 3 |  3.8
Fire Magic     | 1 3 |  3.3
Dodging        | |  2.4
Stealth        | |  2.4
Summonings     | |  1.1

Action                   |  1- 3 |  4- 6 |  7- 9 || total
-------------------------+-------+-------+-------++-------
Melee: Unarmed           |    16 |       |       ||    16
 Cast: Magic Dart        |   103 |   112 |   348 ||   563
       Conjure Flame     |       |     1 |     5 ||     6
       Mephitic Cloud    |       |     1 |     9 ||    10
       Blink             |       |     1 |    10 ||    11
       Repel Missiles    |       |       |     1 ||     1
  Use: Potion            |       |       |     5 ||     5
       Scroll            |       |       |     2 ||     2
  Eat: Chunk             |     3 |     6 |    10 ||    19
